Islanders vs Wolves

Created - 5 octobre 2023 at 20:34

Goals
1 2 3 T
Islanders 0 0 1 1
Wolves 1 1 0 2
Shots
1 2 3 T
Islanders 0 1 8 9
Wolves 8 8 1 17

GoalsPenalties
1st period
1. Wolves , Tyler Benson 4 (Joseph Blandisi 4, Will Bitten 2) at 6:38
No Penalty
2nd period
2. Wolves , Joonas Donskoi 6 (Arnaud Durandeau 5, Jack Drury 7) at 3:43
Kiefer Sherwood (CAR) for Boarding (Minor) at 11:39
Matt Bartkowski (CAR) for Interference (Minor) at 12:57
3rd period
3. Islanders , Steven Fogarty 6 (Alexander Nylander 5, David Farrance 2) at 0:08
No Penalty
Goalie Stats
Hugo Alnefelt (NYI), 15 saves from 17 shots - (0,882), L, 3-8-2, 59:01 minutes
Nico Daws (CAR), 8 saves from 9 shots - (0,889), W, 10-2-2, 60:00 minutes
3 StarsOfficial
1 - Tyler Benson (CAR)
2 - Joseph Blandisi (CAR)
3 - Joonas Donskoi (CAR)
Referees : Wes McCauley and Kendrick Nicholson
Linesman : Jenni Heikkinen and David Brisebois
Game Note
No Game Note



Team Name Goals Shots Shots Attemp Shots Blocked PIM HIT PP PK FO%
Islanders 191250220 / 2 (0%)044%
Wolves 2173924330 / 0 (0%056%

Islanders
Player Name POS G A P +/- PIM HIT SHT SB MP PP MP PP SHT PK MP PK SHT FO% FOT GA TA
Alexander NylanderC/LW/RW0110021021:491:5210:00031% 1301
Cole CasselsC000-1011020:260:3800:00020% 500
David FarranceD0110020122:560:2100:0000% 012
Grigori DenisenkoLW/RW0000010015:231:0200:0000% 000
Hayden HodgsonRW000001106:430:4500:0000% 000
Jack DoughertyD0000000015:101:0100:0000% 000
Jackson CatesC000000001:110:0000:0000% 000
Jakub GalvasD000-1010019:010:0000:0000% 001
Jordy BelleriveC000-1010017:470:0000:000100% 100
Libor HajekD000-1000018:481:0400:0000% 000
Matt CoronatoRW0001043022:491:5400:00067% 311
Mitchell Vande SompelD0001012221:292:1300:0000% 001
Ryan SchmelzerC0000000016:250:0000:0000% 010
Seth BartonD000000001:450:0000:0000% 000
Seth HelgesonD000-1050023:072:1300:0000% 001
Steven FogartyC/RW1010011021:501:4800:00075% 401
Taro HiroseLW000-1010118:291:3400:0000% 001
Tyler MaddenC000-1010114:520:0000:000100% 100
Wolves
Player Name POS G A P +/- PIM HIT SHT SB MP PP MP PP SHT PK MP PK SHT FO% FOT GA TA
Alex SteevesLW/RW000002007:440:0000:0000% 000
Arnaud DurandeauLW0111032016:560:0000:0000% 110
Cole PerfettiC/LW000-1012021:540:0001:52050% 810
Jack DruryC0111020116:590:0000:000100% 200
Joonas DonskoiRW1011012019:260:0001:1600% 010
Joseph BlandisiC0111051016:300:0000:00040% 511
Kevin GravelD0000012026:260:0002:1400% 020
Kiefer SherwoodLW/RW000-1232020:580:0000:4800% 010
Lane PedersonC000-1031017:490:0000:45064% 1100
Matt BartkowskiD0001220021:530:0000:1200% 000
Matt TennysonD0000020124:000:0002:0500% 002
Tory DelloD000001008:010:0000:2900% 000
Turner OttenbreitD0000010019:390:0001:2900% 000
Ty SmithD0001012019:530:0000:0400% 000
Tyler BensonLW/RW1011052017:120:0000:0000% 010
Vincent SevignyD000000000:120:0000:0000% 000
Will BittenC/RW0111001016:300:0000:0000% 010
Zach SanfordLW/RW000000003:580:0001:1200% 000

Islanders

5 vs 5 Forward
Line #Left WingCenterRight WingPHYDFOFWanted %Time %Time Play
1Matt CoronatoAlexander NylanderSteven Fogarty1224029%15:54
2Cole CasselsSteven FogartyTaro Hirose1223032%17:43
3Ryan SchmelzerSteven FogartyMatt Coronato1222017%9:25
4Tyler MaddenSteven FogartyJordy Bellerive1221022%12:26
5 vs 5 Defense
Line #DefenseDefensePHYDFOFWanted %Time %Time Play
1David FarranceMitchell Vande Sompel1224033%18:18
2David FarranceLibor Hajek1223025%13:51
3Seth HelgesonJakub Galvas1222025%14:07
4Seth HelgesonJack Dougherty1221017%9:12
Power Play Forward
Line #Left WingCenterRight WingPHYDFOFWanted %Time %Time Play
1Matt CoronatoAlexander NylanderSteven Fogarty1226076%2:30
2Matt CoronatoTaro HiroseSteven Fogarty1224024%0:47
Power Play Defense
Line #DefenseDefensePHYDFOFWanted %Time %Time Play
1Seth HelgesonMitchell Vande Sompel12260100%3:17
2Mitchell Vande SompelSeth Helgeson122400%0:00
Penalty Kill 4 Players Forward
Line #CenterWingPHYDFOFWanted %Time %Time Play
1Matt CoronatoSteven Fogarty122600%0:00
2Steven FogartyMatt Coronato122400%0:00
Penalty Kill 4 Players Defense
Line #DefenseDefensePHYDFOFWanted %Time %Time Play
1Seth HelgesonMitchell Vande Sompel122600%0:00
2David FarranceJack Dougherty122400%0:00
Penalty Kill 3 Players
Line #WingPHYDFOFWanted %Time %Time PlayDefenseDefensePHYDFOFWanted %Time %Time Play
1Steven Fogarty122600%0:00 Seth HelgesonMitchell Vande Sompel122600%0:00
2Steven Fogarty122400%0:00 Jakub GalvasSeth Helgeson122400%0:00
4 vs 4 Forward
Line #CenterWingPHYDFOFWanted %Time %Time Play
1Matt CoronatoSteven Fogarty122600%0:00
2Steven FogartyMatt Coronato122400%0:00
4 vs 4 Defense
Line #DefensePHYDFOFWanted %Time %Time Play
1Mitchell Vande SompelSeth Helgeson122600%0:00
2Libor HajekSeth Helgeson122400%0:00
Last Minutes Offensive
Left WingCenterRight WingDefenseDefense
Matt CoronatoAlexander NylanderSteven FogartySeth HelgesonMitchell Vande Sompel
Last Minutes Defensive
Left WingCenterRight WingDefenseDefense
Matt CoronatoAlexander NylanderSteven FogartySeth HelgesonMitchell Vande Sompel
Time
Total ForwardTotal DefenseLast Minutes OffensiveLast Minutes Defensive
60:00 60:00 1:150:00
Extra Forwards
Normal PowerPlayPenalty Kill
Steven Fogarty, Alexander Nylander, Matt CoronatoTaro Hirose, Steven FogartySteven Fogarty
Extra Defensemen
Normal PowerPlayPenalty Kill
Seth Helgeson, Libor Hajek, Jakub GalvasSeth Helgeson, David FarranceMitchell Vande Sompel
Penalty Shots
Alexander Nylander, Matt Coronato, Steven Fogarty, Taro Hirose, Cole Cassels
Goalie
Hugo Alnefelt, Dennis Hildeby
Scratches
Brent Gates Jr. (Healthy), Dmitry Osipov (Healthy), John Moore (Healthy), Brandon Gignac (Right Knee Injury), Kody Clark (Healthy) Matthew Strome (Healthy), Brendan Warren (Healthy), Cameron Hillis (Healthy), Cedric Lacroix (Healthy), Henri Nikkanen (Healthy) Hunter Jones (Healthy)

Wolves

5 vs 5 Forward
Line #Left WingCenterRight WingPHYDFOFWanted %Time %Time Play
1Cole PerfettiLane PedersonKiefer Sherwood1224028%15:48
2Arnaud DurandeauJack DruryJoonas Donskoi1223032%17:59
3Tyler BensonJoseph BlandisiWill Bitten1222030%16:30
4Alex SteevesCole PerfettiKiefer Sherwood1221010%5:18
5 vs 5 Defense
Line #DefenseDefensePHYDFOFWanted %Time %Time Play
1Kevin GravelMatt Tennyson1224035%19:14
2Kevin GravelTurner Ottenbreit1223027%14:44
3Matt BartkowskiTy Smith1222035%19:42
4Kevin GravelMatt Tennyson122103%1:55
Power Play Forward
Line #Left WingCenterRight WingPHYDFOFWanted %Time %Time Play
1Cole PerfettiLane PedersonKiefer Sherwood122600%0:00
2Arnaud DurandeauJack DruryJoonas Donskoi122400%0:00
Power Play Defense
Line #DefenseDefensePHYDFOFWanted %Time %Time Play
1Kevin GravelMatt Tennyson122600%0:00
2Kevin GravelTurner Ottenbreit122400%0:00
Penalty Kill 4 Players Forward
Line #CenterWingPHYDFOFWanted %Time %Time Play
1Cole PerfettiKiefer Sherwood12260100%2:36
2Cole PerfettiJoonas Donskoi122400%0:00
Penalty Kill 4 Players Defense
Line #DefenseDefensePHYDFOFWanted %Time %Time Play
1Kevin GravelMatt Tennyson1226067%1:45
2Kevin GravelTurner Ottenbreit1224033%0:51
Penalty Kill 3 Players
Line #WingPHYDFOFWanted %Time %Time PlayDefenseDefensePHYDFOFWanted %Time %Time Play
1Cole Perfetti12260100%0:41 Kevin GravelMatt Tennyson1226059%0:24
2Joonas Donskoi122400%0:00 Kevin GravelTurner Ottenbreit1224041%0:17
4 vs 4 Forward
Line #CenterWingPHYDFOFWanted %Time %Time Play
1Cole PerfettiKiefer Sherwood122600%0:00
2Lane PedersonJoonas Donskoi122400%0:00
4 vs 4 Defense
Line #DefensePHYDFOFWanted %Time %Time Play
1Kevin GravelMatt Tennyson122600%0:00
2Matt TennysonTurner Ottenbreit122400%0:00
Last Minutes Offensive
Left WingCenterRight WingDefenseDefense
Kiefer SherwoodCole PerfettiJoonas DonskoiKevin GravelMatt Tennyson
Last Minutes Defensive
Left WingCenterRight WingDefenseDefense
Kiefer SherwoodCole PerfettiJoonas DonskoiKevin GravelMatt Tennyson
Time
Total ForwardTotal DefenseLast Minutes OffensiveLast Minutes Defensive
60:00 60:00 0:001:08
Extra Forwards
Normal PowerPlayPenalty Kill
Joonas Donskoi, Jack Drury, Alex SteevesJoonas Donskoi, Arnaud DurandeauJoonas Donskoi
Extra Defensemen
Normal PowerPlayPenalty Kill
Turner Ottenbreit, Matt Bartkowski, Matt TennysonTurner Ottenbreit, Turner OttenbreitMatt Bartkowski
Penalty Shots
Cole Perfetti, Kiefer Sherwood, Lane Pederson, Jack Drury, Joonas Donskoi
Goalie
Nico Daws, Daniil Tarasov
Scratches
Nate Schnarr (Healthy), Blade Jenkins (Healthy), Slater Koekkoek (Healthy), Mathias Laferriere (Healthy), Cedric Paré (Healthy) Milos Kelemen (Healthy), Vladislav Firstov (Healthy), Keith Petruzzelli (Healthy), Olof Lindbom (Healthy)


Play-by-Play

1st period


0:01 of 1st period - Lane Pederson wins face-off versus Alexander Nylander in neutral zone.
0:12 of 1st period - Snap shot by Kiefer Sherwood.
0:12 of 1st period - Shot Misses the Net.
0:16 of 1st period - Slapshot by Kiefer Sherwood.
0:16 of 1st period - Stopped by Hugo Alnefelt with a rebound.
1:08 of 1st period - Taro Hirose is hit by Turner Ottenbreit and loses puck.
1:39 of 1st period - Jakub Galvas is hit by Kiefer Sherwood and loses puck.
1:50 of 1st period - Matt Bartkowski is hit by Seth Helgeson and loses puck.
1:57 of 1st period - Seth Helgeson is hit by Tyler Benson and loses puck.
3:26 of 1st period - Cole Perfetti is hit by Mitchell Vande Sompel and loses puck.
3:43 of 1st period - Ryan Schmelzer is hit by Joseph Blandisi and loses puck.
4:50 of 1st period - Taro Hirose is hit by Alex Steeves and loses puck.
5:46 of 1st period - Icing by Lane Pederson.
5:47 of 1st period - Lane Pederson wins face-off versus Alexander Nylander in Wolves zone.
5:49 of 1st period - Icing by Kiefer Sherwood.
5:50 of 1st period - Jack Drury wins face-off versus Alexander Nylander in Wolves zone.
5:50 of 1st period - Jack Drury is hit by Alexander Nylander.
6:11 of 1st period - Jakub Galvas is hit by Kiefer Sherwood and loses puck.
6:36 of 1st period - Snap shot by Tyler Benson.
6:36 of 1st period - Shot Misses the Net.
6:38 of 1st period - Slapshot by Tyler Benson.
6:38 of 1st period - Goal by Tyler Benson - Islanders : 0 - Wolves : 1.
6:39 of 1st period - Lane Pederson wins face-off versus Alexander Nylander in neutral zone.
6:44 of 1st period - Snap shot by Kiefer Sherwood.
6:44 of 1st period - Stopped by Hugo Alnefelt with a rebound.
6:46 of 1st period - Wrist shot by Kevin Gravel.
6:46 of 1st period - Shot Misses the Net.
6:48 of 1st period - Slapshot by Kevin Gravel.
6:48 of 1st period - Stopped by Hugo Alnefelt with a rebound.
6:50 of 1st period - Wrist shot by Lane Pederson.
6:50 of 1st period - Stopped by Hugo Alnefelt with a rebound.
6:52 of 1st period - Slapshot by Turner Ottenbreit.
6:52 of 1st period - Shot Blocked by Mitchell Vande Sompel.
7:48 of 1st period - Wrist shot by Joseph Blandisi.
7:48 of 1st period - Stopped by Hugo Alnefelt with a rebound.
8:39 of 1st period - Jordy Bellerive is hit by Tyler Benson and loses puck.
9:29 of 1st period - Jordy Bellerive is hit by Arnaud Durandeau and loses puck.
9:40 of 1st period - Steven Fogarty is hit by Joseph Blandisi.
10:27 of 1st period - Seth Helgeson is hit by Ty Smith and loses puck.
13:04 of 1st period - Lane Pederson is hit by Matt Coronato.
13:08 of 1st period - Alexander Nylander is hit by Lane Pederson.
14:49 of 1st period - Wrist shot by Lane Pederson.
14:49 of 1st period - Deflect By Zach Sanford.
14:49 of 1st period - Shot Misses the Net.
14:49 of 1st period - Puck is out of play.
14:50 of 1st period - Steven Fogarty wins face-off versus Lane Pederson in Islanders zone.
15:08 of 1st period - Taro Hirose is hit by Arnaud Durandeau and loses puck.
15:32 of 1st period - Jordy Bellerive is hit by Tyler Benson and loses puck.
15:41 of 1st period - Tyler Benson is hit by Tyler Madden and loses puck.
15:52 of 1st period - Tyler Madden is hit by Matt Bartkowski and loses puck.
15:59 of 1st period - Slapshot by Joonas Donskoi.
15:59 of 1st period - Shot Misses the Net.
16:14 of 1st period - Jordy Bellerive is hit by Cole Perfetti.
16:24 of 1st period - Matt Tennyson is hit by David Farrance and loses puck.
17:17 of 1st period - Icing by Jack Dougherty.
17:18 of 1st period - Cole Perfetti wins face-off versus Cole Cassels in Islanders zone.
17:21 of 1st period - Snap shot by Lane Pederson.
17:21 of 1st period - Shot Misses the Net.
17:23 of 1st period - Wrist shot by Joonas Donskoi.
17:23 of 1st period - Stopped by Hugo Alnefelt with a rebound.
17:31 of 1st period - Backhand shot by Arnaud Durandeau.
17:31 of 1st period - Shot Misses the Net.
18:00 of 1st period - Icing by Matt Bartkowski.
18:01 of 1st period - Lane Pederson wins face-off versus Alexander Nylander in Wolves zone.
18:01 of 1st period - Lane Pederson is hit by Seth Helgeson.
18:39 of 1st period - Slapshot by Joseph Blandisi.
18:39 of 1st period - Shot Misses the Net.
18:41 of 1st period - Slapshot by Turner Ottenbreit.
18:41 of 1st period - Shot Blocked by David Farrance.
18:43 of 1st period - Slapshot by Joseph Blandisi.
18:43 of 1st period - Shot Blocked by Tyler Madden.
19:38 of 1st period - Wrist shot by Joseph Blandisi.
19:38 of 1st period - Shot Misses the Net.
19:40 of 1st period - Wrist shot by Will Bitten.
19:40 of 1st period - Shot Misses the Net.
19:42 of 1st period - Slapshot by Kevin Gravel.
19:42 of 1st period - Shot Misses the Net.
19:44 of 1st period - Slapshot by Will Bitten.
19:44 of 1st period - Stopped by Hugo Alnefelt with a rebound.
Goals for this period are 0 for Islanders vs 1 for Wolves.
Shots for this period are 0 for Islanders vs 8 for Wolves.

2nd period


0:01 of 2nd period - Lane Pederson wins face-off versus Alexander Nylander in neutral zone.
0:08 of 2nd period - Wrist shot by Kiefer Sherwood.
0:08 of 2nd period - Shot Misses the Net.
0:26 of 2nd period - Mitchell Vande Sompel is hit by Jack Drury and loses puck.
0:37 of 2nd period - Wrist shot by Joonas Donskoi.
0:37 of 2nd period - Shot Blocked by Mitchell Vande Sompel.
0:51 of 2nd period - Jakub Galvas is hit by Tyler Benson and loses puck.
1:22 of 2nd period - Icing by Kiefer Sherwood.
1:23 of 2nd period - Cole Perfetti wins face-off versus Cole Cassels in Wolves zone.
1:34 of 2nd period - Wrist shot by Cole Perfetti.
1:34 of 2nd period - Stopped by Hugo Alnefelt with a rebound.
1:36 of 2nd period - Wrist shot by Cole Perfetti.
1:36 of 2nd period - Deflect By Lane Pederson.
1:36 of 2nd period - Deflect By Jack Dougherty.
1:36 of 2nd period - Shot Misses the Net.
1:36 of 2nd period - Puck is out of play.
1:37 of 2nd period - Jack Drury wins face-off versus Alexander Nylander in Islanders zone.
1:50 of 2nd period - Snap shot by Matt Coronato.
1:50 of 2nd period - Shot Blocked by Jack Drury.
3:41 of 2nd period - Slapshot by Arnaud Durandeau.
3:41 of 2nd period - Stopped by Hugo Alnefelt with a rebound.
3:43 of 2nd period - Wrist shot by Joonas Donskoi.
3:43 of 2nd period - Goal by Joonas Donskoi - Islanders : 0 - Wolves : 2.
3:44 of 2nd period - Steven Fogarty wins face-off versus Lane Pederson in neutral zone.
4:03 of 2nd period - Lane Pederson is hit by Jakub Galvas and loses puck.
4:40 of 2nd period - Slapshot by Arnaud Durandeau.
4:40 of 2nd period - Shot Misses the Net.
6:02 of 2nd period - Joseph Blandisi is hit by Cole Cassels and loses puck.
6:13 of 2nd period - Tyler Madden is hit by Arnaud Durandeau and loses puck.
6:28 of 2nd period - Taro Hirose is hit by Lane Pederson and loses puck.
8:23 of 2nd period - Jack Dougherty is hit by Kevin Gravel and loses puck.
8:51 of 2nd period - Ryan Schmelzer is hit by Matt Bartkowski and loses puck.
9:01 of 2nd period - Icing by Matt Bartkowski.
9:02 of 2nd period - Matt Coronato wins face-off versus Joseph Blandisi in Wolves zone.
10:38 of 2nd period - Icing by Cole Cassels.
10:39 of 2nd period - Cole Cassels wins face-off versus Joseph Blandisi in Islanders zone.
10:54 of 2nd period - Joseph Blandisi is hit by Matt Coronato and loses puck.
11:06 of 2nd period - Icing by Turner Ottenbreit.
11:07 of 2nd period - Joseph Blandisi wins face-off versus Cole Cassels in Wolves zone.
11:14 of 2nd period - Slapshot by Tyler Benson.
11:14 of 2nd period - Stopped by Hugo Alnefelt with a rebound.
11:28 of 2nd period - Slapshot by Ty Smith.
11:28 of 2nd period - Stopped by Hugo Alnefelt with a rebound.
11:39 of 2nd period - Minor Penalty to Kiefer Sherwood for Boarding.
11:40 of 2nd period - Alexander Nylander wins face-off versus Cole Perfetti in Wolves zone.
11:51 of 2nd period - Wrist shot by Alexander Nylander.
11:51 of 2nd period - Stopped by Nico Daws with a rebound.
11:53 of 2nd period - Snap shot by Steven Fogarty.
11:53 of 2nd period - Shot Blocked by Matt Tennyson.
12:08 of 2nd period - Off-side.
12:09 of 2nd period - Matt Coronato wins face-off versus Cole Perfetti in neutral zone.
12:57 of 2nd period - Minor Penalty to Matt Bartkowski for Interference.
12:58 of 2nd period - Cole Perfetti wins face-off versus Alexander Nylander in Wolves zone.
13:39 of 2nd period - Penalty to Kiefer Sherwood is over, Kiefer Sherwood is back on ice.
14:57 of 2nd period - Penalty to Matt Bartkowski is over, Matt Bartkowski is back on ice.
15:01 of 2nd period - Off-side.
15:02 of 2nd period - Joseph Blandisi wins face-off versus Cole Cassels in neutral zone.
15:13 of 2nd period - Mitchell Vande Sompel is hit by Joseph Blandisi and loses puck.
15:30 of 2nd period - Joonas Donskoi is hit by David Farrance and loses puck.
15:45 of 2nd period - Seth Helgeson is hit by Kiefer Sherwood and loses puck.
16:12 of 2nd period - Jordy Bellerive is hit by Joonas Donskoi and loses puck.
16:17 of 2nd period - Backhand shot by Arnaud Durandeau.
16:17 of 2nd period - Stopped by Hugo Alnefelt with a rebound.
16:27 of 2nd period - Ty Smith is hit by Seth Helgeson and loses puck.
17:10 of 2nd period - Wrist shot by Ty Smith.
17:10 of 2nd period - Stopped by Hugo Alnefelt with a rebound.
17:12 of 2nd period - Snap shot by Cole Perfetti.
17:12 of 2nd period - Stopped by Hugo Alnefelt with a rebound.
17:41 of 2nd period - Grigori Denisenko is hit by Jack Drury.
19:34 of 2nd period - Icing by Seth Helgeson.
19:35 of 2nd period - Tyler Madden wins face-off versus Arnaud Durandeau in Islanders zone.
19:48 of 2nd period - Icing by Cole Cassels.
19:49 of 2nd period - Steven Fogarty wins face-off versus Joseph Blandisi in Islanders zone.
Goals for this period are 0 for Islanders vs 1 for Wolves.
Shots for this period are 1 for Islanders vs 8 for Wolves.

3rd period


0:01 of 3rd period - Lane Pederson wins face-off versus Matt Coronato in neutral zone.
0:08 of 3rd period - Wrist shot by Steven Fogarty.
0:08 of 3rd period - Goal by Steven Fogarty - Islanders : 1 - Wolves : 2.
0:09 of 3rd period - Alexander Nylander wins face-off versus Lane Pederson in neutral zone.
0:12 of 3rd period - Slapshot by David Farrance.
0:12 of 3rd period - Shot Misses the Net.
0:41 of 3rd period - Snap shot by Jack Drury.
0:41 of 3rd period - Shot Blocked by Taro Hirose.
1:16 of 3rd period - Turner Ottenbreit is hit by Matt Coronato and loses puck.
4:35 of 3rd period - Mitchell Vande Sompel is hit by Joseph Blandisi and loses puck.
4:57 of 3rd period - Jack Drury is hit by Jordy Bellerive.
6:56 of 3rd period - Tyler Madden is hit by Lane Pederson and loses puck.
7:03 of 3rd period - Snap shot by Lane Pederson.
7:03 of 3rd period - Shot Misses the Net.
7:19 of 3rd period - Turner Ottenbreit is hit by Seth Helgeson.
7:29 of 3rd period - Jakub Galvas is hit by Tory Dello and loses puck.
8:09 of 3rd period - Alex Steeves is hit by Grigori Denisenko.
8:45 of 3rd period - Ryan Schmelzer is hit by Matt Tennyson and loses puck.
10:15 of 3rd period - Mitchell Vande Sompel is hit by Alex Steeves and loses puck.
10:36 of 3rd period - Cole Cassels is hit by Joseph Blandisi and loses puck.
11:45 of 3rd period - Jordy Bellerive is hit by Matt Tennyson and loses puck.
11:57 of 3rd period - Icing by Zach Sanford.
11:58 of 3rd period - Lane Pederson wins face-off versus Steven Fogarty in Wolves zone.
13:26 of 3rd period - Icing by Jakub Galvas.
13:27 of 3rd period - Jordy Bellerive wins face-off versus Lane Pederson in Islanders zone.
13:38 of 3rd period - Kevin Gravel is hit by Seth Helgeson and loses puck.
14:11 of 3rd period - Snap shot by Joonas Donskoi.
14:11 of 3rd period - Shot Misses the Net.
14:13 of 3rd period - Slapshot by Kevin Gravel.
14:13 of 3rd period - Stopped by Hugo Alnefelt with a rebound.
14:33 of 3rd period - Snap shot by Hayden Hodgson.
14:33 of 3rd period - Stopped by Nico Daws with a rebound.
14:35 of 3rd period - Slapshot by Mitchell Vande Sompel.
14:35 of 3rd period - Stopped by Nico Daws with a rebound.
14:37 of 3rd period - Snap shot by Mitchell Vande Sompel.
14:37 of 3rd period - Stopped by Nico Daws with a rebound.
14:55 of 3rd period - Slapshot by Matt Bartkowski.
14:55 of 3rd period - Shot Misses the Net.
15:18 of 3rd period - Joseph Blandisi is hit by Taro Hirose and loses puck.
15:52 of 3rd period - Jack Drury is hit by Steven Fogarty and loses puck.
16:33 of 3rd period - Taro Hirose is hit by Tyler Benson and loses puck.
18:40 of 3rd period - Matt Tennyson is hit by Hayden Hodgson and loses puck.
18:51 of 3rd period - Slapshot by Cole Cassels.
18:51 of 3rd period - Stopped by Nico Daws without a rebound.
18:52 of 3rd period - John Stevens call a timeout for Islanders.
18:52 of 3rd period - Alexander Nylander wins face-off versus Cole Perfetti in Wolves zone.
18:53 of 3rd period - Slapshot by Matt Coronato.
18:53 of 3rd period - Stopped by Nico Daws with a rebound.
19:01 of 3rd period - Islanders, Hugo Alnefelt is pulled from the net.
19:17 of 3rd period - Wrist shot by Matt Coronato.
19:17 of 3rd period - Stopped by Nico Daws without a rebound.
19:18 of 3rd period - Alexander Nylander wins face-off versus Cole Perfetti in Wolves zone.
19:19 of 3rd period - Snap shot by Matt Coronato.
19:19 of 3rd period - Stopped by Nico Daws without a rebound.
19:20 of 3rd period - Cole Perfetti wins face-off versus Alexander Nylander in Wolves zone.
19:36 of 3rd period - Cole Perfetti is hit by Alexander Nylander.
19:44 of 3rd period - Kiefer Sherwood is hit by Matt Coronato and loses puck.
Goals for this period are 1 for Islanders vs 0 for Wolves.
Shots for this period are 8 for Islanders vs 1 for Wolves.